HSSL
RANDALL HS RAIDERS @ MADAWASKA VALLEY HS WOLVES
04/28/2024
 
TOP OF THE 1ST
Randall HS Raiders batting - Pitching for Madawaska Valley HS Wolves : RHP Aaron Moss
Pitching: RHP Aaron Moss
Batting: RHB Earl Godwin 0-0: Foul Ball, location: 2F
0-1: Called Strike
0-2: Ball
1-2: Ball
2-2: Ball
3-2: Base on Balls
Batting: RHB Jake Reeves 0-0: Called Strike
0-1: Swinging Strike
0-2: Ball
Earl Godwin steals 2nd base
1-2: Foul Ball, location: 2F
1-2: Foul Ball, location: 2F
1-2: Fly out, F4 (Popup, 4)
Batting: RHB Phil Hacker 0-0: Ball
1-0: Ball
2-0: Ball
3-0: Foul Ball, location: 2F
3-1: Base on Balls
Batting: LHB Carlos Valentín 0-0: Ball
Earl Godwin steals 3rd base
Phil Hacker to second
1-0: Called Strike
1-1: Ball
2-1: Foul Ball, location: 2F
2-2: Fly out, F9 (Line Drive, 89D)
Runner from 3rd tags up, SCORES, no throw
Batting: RHB José Carlos Santos 0-0: Ball
1-0: Called Strike
1-1: Called Strike
1-2: Foul Ball, location: 2F
1-2: Ball
2-2: SINGLE (Line Drive, 9LS)
Phil Hacker to third
Runner from 3rd tries for Home, SAFE, no throw or cutoff
Batting: RHB Rob Cooper 0-0: SINGLE (Groundball, 25) (infield hit)
José Carlos Santos to second
Batting: SHB Bryan Long 0-0: Ball
1-0: Ball
Wild Pitch!
José Carlos Santos to third
Rob Cooper to second
2-0: DOUBLE (Line Drive, 89M)
José Carlos Santos scores
Rob Cooper scores
Batting: LHB Jeff Stevens 0-0: SINGLE (Line Drive, 6MD)
Bryan Long to third
Runner from 3rd tries for Home, SAFE, no throw or cutoff
Batting: LHB Rob Witt 0-0: Called Strike
0-1: Ball
1-1: Ground out U3 (Groundball, 3L)
Top of the 1st over - 5 run(s), 4 hit(s), 0 error(s), 1 left on base; Randall HS 5 - Madawaska Valley HS 0
BOTTOM OF THE 1ST
Madawaska Valley HS Wolves batting - Pitching for Randall HS Raiders : LHP Alberto Ledezma
Pitching: LHP Alberto Ledezma
Batting: LHB Wayne Rogers 0-0: Ball
1-0: Swinging Strike
1-1: Swinging Strike
1-2: Foul Ball, location: 2F
1-2: Ball
2-2: Strikes out looking
Batting: RHB Hubert MacDonald 0-0: Foul Ball, location: 2F
0-1: Foul Ball, location: 2F
0-2: Ball
1-2: Fly out, F7 (Flyball, 78S)
Batting: LHB Marv Gardner 0-0: Ball
1-0: Called Strike
1-1: Called Strike
1-2: Strikes out swinging
Bottom of the 1st over - 0 run(s), 0 hit(s), 0 error(s), 0 left on base; Randall HS 5 - Madawaska Valley HS 0
TOP OF THE 2ND
Randall HS Raiders batting - Pitching for Madawaska Valley HS Wolves : RHP Aaron Moss
Batting: RHB Earl Godwin 0-0: Called Strike
0-1: Ball
1-1: Ball
2-1: Swinging Strike
2-2: Strikes out swinging
Batting: RHB Jake Reeves 0-0: Ball
1-0: Swinging Strike
1-1: SINGLE (Groundball, 15S) (infield hit)
Batting: RHB Phil Hacker 0-0: Fielders Choice at 2nd, 5-4 (Groundball, 56)
Batting: LHB Carlos Valentín 0-0: Ball
1-0: Swinging Strike
1-1: Swinging Strike
1-2: Strikes out swinging
Top of the 2nd over - 0 run(s), 1 hit(s), 0 error(s), 1 left on base; Randall HS 5 - Madawaska Valley HS 0
BOTTOM OF THE 2ND
Madawaska Valley HS Wolves batting - Pitching for Randall HS Raiders : LHP Alberto Ledezma
Batting: LHB John Clark 0-0: Called Strike
0-1: Swinging Strike
0-2: Foul Ball, location: 2F
0-2: Ball
1-2: Ball
2-2: DOUBLE (Flyball, 78M)
Batting: RHB Aaron Duncan 0-0: Ball
1-0: Called Strike
1-1: Foul Ball, location: 2F
1-2: Fly out, F7 (Flyball, 7M)
Batting: LHB Ronald Wallace 0-0: Ball
1-0: Ground out U3 (Groundball, 3)
John Clark to third
Batting: SHB Russ Beasley 0-0: Fly out, F6 (Line Drive, 6)
Bottom of the 2nd over - 0 run(s), 1 hit(s), 0 error(s), 1 left on base; Randall HS 5 - Madawaska Valley HS 0
TOP OF THE 3RD
Randall HS Raiders batting - Pitching for Madawaska Valley HS Wolves : RHP Aaron Moss
Batting: RHB José Carlos Santos 0-0: Foul Ball, location: 2F
0-1: Ball
1-1: Ball
2-1: Called Strike
2-2: Ball
3-2: Foul Ball, location: 2F
3-2: Foul Ball, location: 2F
3-2: Foul Ball, location: 2F
3-2: Foul Ball, location: 2F
3-2: Fly out, F2 (Popup, 2RF)
Batting: RHB Rob Cooper 0-0: Ball
1-0: Swinging Strike
1-1: Swinging Strike
1-2: Foul Ball, location: 2F
1-2: Strikes out swinging
Batting: SHB Bryan Long 0-0: Ball
1-0: Foul Ball, location: 2F
1-1: Swinging Strike
1-2: Strikes out swinging
Top of the 3rd over - 0 run(s), 0 hit(s), 0 error(s), 0 left on base; Randall HS 5 - Madawaska Valley HS 0
BOTTOM OF THE 3RD
Madawaska Valley HS Wolves batting - Pitching for Randall HS Raiders : LHP Alberto Ledezma
Batting: SHB Steve Miner 0-0: Ball
1-0: Foul Ball, location: 2F
1-1: Foul Ball, location: 2F
1-2: Ball
2-2: Strikes out swinging
Batting: SHB Wilson Bray 0-0: Ball
1-0: Foul Ball, location: 2F
1-1: Called Strike
1-2: Strikes out swinging
Batting: LHB Wayne Rogers 0-0: Ball
1-0: Ball
2-0: Ground out 4-3 (Groundball, 4)
Bottom of the 3rd over - 0 run(s), 0 hit(s), 0 error(s), 0 left on base; Randall HS 5 - Madawaska Valley HS 0
TOP OF THE 4TH
Randall HS Raiders batting - Pitching for Madawaska Valley HS Wolves : RHP Aaron Moss
Batting: LHB Jeff Stevens 0-0: Called Strike
0-1: Foul Ball, location: 2F
0-2: Strikes out swinging
Batting: LHB Rob Witt 0-0: Swinging Strike
0-1: Ball
1-1: Foul Ball, location: 2F
1-2: Ball
2-2: Strikes out looking
Batting: RHB Earl Godwin 0-0: Called Strike
0-1: SINGLE (Groundball, 34) (infield hit)
Batting: RHB Jake Reeves 0-0: Ground out 6-3 (Groundball, 56)
Top of the 4th over - 0 run(s), 1 hit(s), 0 error(s), 1 left on base; Randall HS 5 - Madawaska Valley HS 0
BOTTOM OF THE 4TH
Madawaska Valley HS Wolves batting - Pitching for Randall HS Raiders : LHP Alberto Ledezma
Batting: RHB Hubert MacDonald 0-0: Ball
1-0: Swinging Strike
1-1: Swinging Strike
1-2: Foul Ball, location: 2F
1-2: Strikes out looking
Batting: LHB Marv Gardner 0-0: Ball
1-0: Ball
2-0: Foul Ball, location: 2F
2-1: Foul Ball, location: 2F
2-2: Foul Ball, location: 2F
2-2: Fly out, F8 (Flyball, 78M)
Batting: LHB John Clark 0-0: Called Strike
0-1: Ball
1-1: Ball
2-1: Swinging Strike
2-2: Ground out 6-3 (Groundball, 6)
Bottom of the 4th over - 0 run(s), 0 hit(s), 0 error(s), 0 left on base; Randall HS 5 - Madawaska Valley HS 0
TOP OF THE 5TH
Randall HS Raiders batting - Pitching for Madawaska Valley HS Wolves : RHP Aaron Moss
Batting: RHB Phil Hacker 0-0: Ball
1-0: Ball
2-0: Foul Ball, location: 2F
2-1: Reached on error, E6 (Groundball, 6M)
Pitching: RHP Bob Dickerson
Batting: LHB Carlos Valentín 0-0: Ball
1-0: Ball
2-0: Ball
3-0: Called Strike
3-1: Base on Balls
Phil Hacker to second
Batting: RHB José Carlos Santos 0-0: Called Strike
0-1: Swinging Strike
0-2: Ball
1-2: Strikes out swinging
Batting: RHB Rob Cooper 0-0: Ball
1-0: Called Strike
Phil Hacker is caught stealing 3rd base
Carlos Valentín to second
1-1: Foul Ball, location: 2F
1-2: Foul Ball, location: 2F
1-2: Strikes out swinging
Top of the 5th over - 0 run(s), 0 hit(s), 1 error(s), 1 left on base; Randall HS 5 - Madawaska Valley HS 0
BOTTOM OF THE 5TH
Madawaska Valley HS Wolves batting - Pitching for Randall HS Raiders : LHP Alberto Ledezma
Batting: RHB Aaron Duncan 0-0: Ground out 5-3 (Groundball, 56)
Batting: LHB Ronald Wallace 0-0: Fly out, F9 (Flyball, 89S)
Batting: SHB Russ Beasley 0-0: Bunt - Flyout! F1
Bottom of the 5th over - 0 run(s), 0 hit(s), 0 error(s), 1 left on base; Randall HS 5 - Madawaska Valley HS 0
TOP OF THE 6TH
Randall HS Raiders batting - Pitching for Madawaska Valley HS Wolves : RHP Bob Dickerson
Batting: SHB Bryan Long 0-0: Called Strike
0-1: Ball
1-1: Foul Ball, location: 2F
1-2: Ball
2-2: Ball
3-2: Foul Ball, location: 2F
3-2: SINGLE (Groundball, 15) (infield hit)
Batting: LHB Jeff Stevens 0-0: Ball
1-0: Ball
2-0: Called Strike
2-1: SINGLE (Groundball, 4M)
Bryan Long to second
Runner from 2nd tries for 3rd, SAFE, no throw or cutoff
Batting: LHB Rob Witt 0-0: Called Strike
Jeff Stevens steals 2nd base
0-1: Foul Ball, location: 2F
0-2: Foul Ball, location: 2F
0-2: Ground out 3-1 (Groundball, 34S)
Bryan Long scores
Jeff Stevens to third
Batting: RHB Earl Godwin 0-0: Ball
1-0: Called Strike
1-1: SINGLE (Flyball, 7S)
Jeff Stevens scores
Batting: RHB Jake Reeves 0-0: Ball
1-0: Ball
2-0: Foul Ball, location: 2F
2-1: Called Strike
2-2: Ball
3-2: Foul Ball, location: 2F
3-2: Base on Balls
Earl Godwin to second
Batting: RHB Phil Hacker 0-0: Ball
1-0: SINGLE (Groundball, 56D)
Earl Godwin to third
Jake Reeves to second
Runner from 3rd tries for Home, throw and OUT!
Jake Reeves to third
Phil Hacker to second
Batting: LHB Carlos Valentín 0-0: Called Strike
0-1: Foul Ball, location: 2F
0-2: Ball
1-2: Ball
2-2: Strikes out swinging
Top of the 6th over - 2 run(s), 4 hit(s), 0 error(s), 2 left on base; Randall HS 7 - Madawaska Valley HS 0
BOTTOM OF THE 6TH
Madawaska Valley HS Wolves batting - Pitching for Randall HS Raiders : LHP Alberto Ledezma
Batting: SHB Steve Miner 0-0: Foul Ball, location: 2F
0-1: Swinging Strike
0-2: Foul Ball, location: 2F
0-2: Foul Ball, location: 2F
0-2: Strikes out swinging
Batting: SHB Wilson Bray 0-0: Hit by Pitch
Batting: LHB Wayne Rogers 0-0: Ball
1-0: Fly out, F8 (Flyball, 8RM)
Batting: RHB Hubert MacDonald 0-0: Ball
1-0: Ball
2-0: Called Strike
2-1: Foul Ball, location: 2F
2-2: Ball
3-2: Ground out 6-3 (Groundball, 6M)
Bottom of the 6th over - 0 run(s), 0 hit(s), 0 error(s), 1 left on base; Randall HS 7 - Madawaska Valley HS 0
TOP OF THE 7TH
Randall HS Raiders batting - Pitching for Madawaska Valley HS Wolves : RHP Bob Dickerson
Pitching: LHP Juan Olivo
Batting: RHB José Carlos Santos 0-0: Ball
1-0: Ball
2-0: Called Strike
2-1: Ball
3-1: Swinging Strike
3-2: Foul Ball, location: 2F
3-2: Ground out 1-3 (Groundball, 13S)
Batting: RHB Rob Cooper 0-0: Called Strike
0-1: Fly out, F9 (Flyball, 89S)
Batting: SHB Bryan Long 0-0: Called Strike
0-1: Ball
1-1: Called Strike
1-2: Foul Ball, location: 2F
1-2: Strikes out swinging
Top of the 7th over - 0 run(s), 0 hit(s), 0 error(s), 0 left on base; Randall HS 7 - Madawaska Valley HS 0
BOTTOM OF THE 7TH
Madawaska Valley HS Wolves batting - Pitching for Randall HS Raiders : LHP Alberto Ledezma
Batting: LHB Marv Gardner 0-0: Fly out, F8 (Flyball, 8LM)
Batting: LHB John Clark 0-0: Foul Ball, location: 2F
0-1: Called Strike
0-2: Foul Ball, location: 2F
0-2: Ball
1-2: Strikes out swinging
Batting: RHB Aaron Duncan 0-0: Foul Ball, location: 2F
0-1: Foul Ball, location: 2F
0-2: Ball
1-2: Foul Ball, location: 2F
1-2: Ground out 6-3 (Groundball, 6)
Bottom of the 7th over - 0 run(s), 0 hit(s), 0 error(s), 0 left on base; Randall HS 7 - Madawaska Valley HS 0
TOP OF THE 8TH
Randall HS Raiders batting - Pitching for Madawaska Valley HS Wolves : LHP Juan Olivo
Batting: LHB Jeff Stevens 0-0: Called Strike
0-1: Ball
1-1: Ball
2-1: Foul Ball, location: 2F
2-2: Strikes out swinging
Batting: LHB Rob Witt 0-0: Ball
1-0: Hit by Pitch
Batting: RHB Earl Godwin 0-0: Ball
1-0: Swinging Strike
1-1: Ball
2-1: Swinging Strike
2-2: Foul Ball, location: 2F
2-2: Ground out 4-3 (Groundball, 4M)
Rob Witt to second
Batting: RHB Jake Reeves 0-0: Ball
1-0: Ball
2-0: Ball
3-0: Base on Balls
Batting: RHB Phil Hacker 0-0: Called Strike
0-1: Ball
1-1: Ball
2-1: Fly out, F8 (Flyball, 8RM)
Top of the 8th over - 0 run(s), 0 hit(s), 0 error(s), 2 left on base; Randall HS 7 - Madawaska Valley HS 0
BOTTOM OF THE 8TH
Madawaska Valley HS Wolves batting - Pitching for Randall HS Raiders : LHP Alberto Ledezma
Pitching: RHP Richard Lee
Now at 3B: Paul Liddle
Batting: LHB Ronald Wallace 0-0: Ball
1-0: Ball
2-0: Foul Ball, location: 2F
2-1: Ball
3-1: Swinging Strike
3-2: Base on Balls
Batting: SHB Russ Beasley 0-0: Ball
1-0: Ball
2-0: Called Strike
2-1: Ball
3-1: Foul Ball, location: 2F
3-2: Strikes out swinging
Batting: SHB Steve Miner 0-0: Called Strike
0-1: Ball
1-1: Swinging Strike
1-2: Foul Ball, location: 2F
1-2: Ball
2-2: Foul Ball, location: 2F
2-2: Strikes out looking
Batting: SHB Wilson Bray 0-0: Foul Ball, location: 2F
0-1: Ball
1-1: Ball
2-1: Ground out U3 (Groundball, 3S)
Bottom of the 8th over - 0 run(s), 0 hit(s), 0 error(s), 1 left on base; Randall HS 7 - Madawaska Valley HS 0
TOP OF THE 9TH
Randall HS Raiders batting - Pitching for Madawaska Valley HS Wolves : LHP Juan Olivo
Pitching: LHP Tim Davidson
Batting: LHB Carlos Valentín 0-0: Foul Ball, location: 2F
0-1: Swinging Strike
0-2: Ball
1-2: Ball
2-2: Strikes out swinging
Pinch Hitting: RHB Alex Miller 0-0: Ground out 5-3 (Groundball, 5S)
Batting: RHB Rob Cooper 0-0: SINGLE (Groundball, 5D)
Batting: SHB Bryan Long 0-0: Called Strike
0-1: Ball
1-1: SINGLE (Line Drive, 78S)
Rob Cooper to second
Batting: LHB Jeff Stevens 0-0: Ball
1-0: Foul Ball, location: 2F
1-1: SINGLE (Groundball, 4MD)
Rob Cooper to third
Bryan Long to second
Runner from 3rd tries for Home, SAFE, no throw or cutoff
Batting: LHB Rob Witt 0-0: Called Strike
0-1: Foul Ball, location: 2F
0-2: Strikes out swinging
Top of the 9th over - 1 run(s), 3 hit(s), 0 error(s), 2 left on base; Randall HS 8 - Madawaska Valley HS 0
BOTTOM OF THE 9TH
Madawaska Valley HS Wolves batting - Pitching for Randall HS Raiders : RHP Richard Lee
Now in CF: Alex Miller
Batting: LHB Wayne Rogers 0-0: Called Strike
0-1: Foul Ball, location: 2F
0-2: Strikes out swinging
Batting: RHB Hubert MacDonald 0-0: Called Strike
0-1: Ball
1-1: Ball
2-1: Ball
3-1: Foul Ball, location: 2F
3-2: SINGLE (Line Drive, 6MD)
Batting: LHB Marv Gardner 0-0: Called Strike
0-1: Called Strike
0-2: Strikes out swinging
Batting: LHB John Clark 0-0: DOUBLE (Groundball, 5L)
Hubert MacDonald to third
Runner from 3rd tries for Home, SAFE, no throw or cutoff
Batting: RHB Aaron Duncan 0-0: Ball
1-0: Ball
Wild Pitch!
John Clark to third
2-0: Ball
3-0: Base on Balls
Batting: LHB Ronald Wallace 0-0: Ball
1-0: Ball
2-0: Called Strike
2-1: SINGLE (Line Drive, 56D)
John Clark scores
Aaron Duncan to second
Batting: SHB Russ Beasley 0-0: Ball
1-0: Foul Ball, location: 2F
1-1: SINGLE (Flyball, 8RS)
Aaron Duncan to third
Ronald Wallace to second
Runner from 3rd tries for Home, SAFE, no throw or cutoff
Pitching: RHP Millard Manning
Batting: SHB Steve Miner 0-0: Hit by Pitch
Ronald Wallace to third
Russ Beasley to second
Pitching: RHP Jacob Coleman
Batting: SHB Wilson Bray 0-0: Called Strike
0-1: Foul Ball, location: 2F
0-2: Fly out, F5 (Popup, 5SF)
Bottom of the 9th over - 3 run(s), 4 hit(s), 0 error(s), 3 left on base; Randall HS 8 - Madawaska Valley HS 3
This league is powered by Out of the Park Baseball, the baseball management simulation game for PC, Mac and Linux
Saturday, April 9th, 2016 - OOTP Baseball 16.8 Build 38